Description

(HatchF,roach,ravager,infestor,broo

Build Order

Get SALT Encoding   

  12  0:00  Drone  
  13  0:12  Overlord  
  13  0:17  Drone  
  14  0:31  Drone x2  
  16  0:36  Drone  
  17  0:52  Hatchery  
  17  0:55  Drone  
  17  0:58  Drone  
  18  1:06  Extractor  
  17  1:13  Spawning Pool  
  17  1:17  Drone  
  17  1:19  Drone  
  18  1:28  Drone  
  19  1:38  Overlord  
  19  1:50  Drone  
  20  2:00  Queen  
  22  2:02  Drone  
  22  2:03  Queen  
  22  2:08  Metabolic Boost  
  25  2:10  Zergling x2  
  25  2:12  Zergling x2  
  25  2:15  Drone  
  28  2:24  Drone  
  28  2:25  Drone  
  30  2:34  Drone  
  30  2:36  Drone  
  32  2:41  Hatchery  
  31  2:44  Drone  
  31  2:48  Overlord  
  32  2:54  Drone  
  33  2:59  Drone  
  33  3:00  Queen  
  36  3:08  Drone x4  
  36  3:11  Drone  
  36  3:12  Drone  
  42  3:15  Drone  
  42  3:18  Drone  
  44  3:21  Overlord  
  44  3:23  Overlord  
  44  3:32  Roach Warren  
  43  3:39  Queen  
  43  3:40  Queen  
  47  3:44  Overlord  
  47  3:53  Drone x5  
  52  3:56  Extractor  
  52  3:57  Overlord  
  52  3:59  Overlord  
  51  4:06  Queen  
  53  4:12  Roach  
  53  4:13  Roach  
  57  4:17  Roach  
  57  4:18  Roach x2  
  57  4:20  Roach  
  57  4:22  Roach  
  67  4:25  Roach  
  67  4:29  Roach  
  71  4:38  Drone, Overlord  
  71  4:39  Drone x4  
  76  4:51  Drone  
  76  4:52  Drone x4  
  79  4:57  Drone  
  79  4:58  Drone x2  
  82  5:03  Overlord  
  82  5:04  Drone  
  83  5:07  Spore Crawler  
  83  5:08  Lair  
  83  5:13  Drone x3  
  85  5:15  Drone  
  85  5:19  Ravager x2  
  85  5:20  Ravager  
  89  5:24  Drone  
  89  5:25  Drone  
  91  5:32  Drone x7  
  98  5:36  Evolution Chamber, Overlord  
  98  5:37  Evolution Chamber, Extractor  
  98  5:42  Overlord x2  
  95  5:44  Extractor  
  95  5:45  Extractor  
  95  5:47  Extractor  
  92  5:50  Overlord  
  92  5:52  Drone x4  
  92  5:54  Pneumatized Carapace  
  96  5:57  Hatchery  
  96  6:03  Drone x2  
  97  6:05  Zerg Ground Armor Level 1, Drone x2  
  97  6:06  Drone x2  
  97  6:08  Drone x3  
  97  6:09  Drone  
  105  6:17  Zerg Missile Weapons Level 1  
  104  6:18  Overlord x2  
  104  6:20  Roach  
  106  6:26  Queen  
  106  6:27  Glial Reconstitution  
  106  6:30  Roach x3  
  114  6:34  Roach x2  
  114  6:35  Roach  
  114  6:36  Overlord  
  114  6:38  Overlord  
  120  6:42  Overseer  
  120  6:51  Roach x6  
  120  6:52  Infestation Pit  
  131  7:01  Drone x2  
  132  7:02  Drone x3  
  132  7:06  Drone  
  132  7:07  Drone x6  
  143  7:18  Drone x4  
  143  7:21  Overlord  
  147  7:25  Drone  
  148  7:30  Extractor  
  148  7:32  Extractor  
  148  7:33  Overlord x3  
  148  7:34  Hive  
  148  7:36  Infestor x4  
  148  7:43  Overlord x3  
  148  7:44  Overlord  
  154  7:45  Roach x3  
  154  7:46  Queen  
  162  8:00  Spore Crawler  
  160  8:09  Roach x12  
  184  8:14  Spire  
  181  8:22  Roach x6  
  163  8:32  Roach x8  
  160  8:36  Roach  
  160  8:37  Roach x4  
  160  8:44  Ravager x3  
  161  8:50  Roach x6  
  159  9:14  Drone x6  
  157  9:17  Zerg Melee Weapons Level 1  
  157  9:23  Hatchery  
  146  9:29  Greater Spire  
  146  9:30  Adrenal Glands  
  146  9:34  Roach x11  
  168  9:45  Spore Crawler  
  167  9:47  Corruptor x3  
  167  9:48  Spore Crawler, Spine Crawler  
  171  9:53  Ravager  
  171  9:57  Ravager  
  171  9:58  Zergling x2  
  174  10:03  Queen x3  
  174  10:06  Extractor  
  179  10:10  Extractor  
  173  10:19  Drone x5  
  173  10:23  Drone  
  173  10:24  Drone x2  
  172  10:29  Roach x9  
  190  10:41  Brood Lord x3, Corruptor  
  195  10:51  Roach  
  195  10:52  Roach  
  192  11:05  Roach  
  192  11:06  Roach x5  
Spawning Tool Build Advisor. Get it on Overwolf

Analysis

(HatchF,roach,ravager,infestor,broo

Go to:

Details

  • Created by: DarkHeartz
  • Published on: Nov 15, 2016
  • Modified on: Nov 15, 2016
  • Patch: Pre-3.8.0
Show
View Real Time Build Order
Export as new Build Order

Comments (1)

On Dec. 20, 2016, 9:10 p.m., spacehoppr  said:

Solid. esp with an early drop.

Create an account to comment!